 Dungeon Crawl Stone Soup version 0.30-a0-578-gdee14c521f (webtiles) character file.

Game seed: 17443630162576890723

530549 OTABOTABOTAB the Hoplite (level 27, -13/233 HPs)
             Began as a Formicid Fighter on Dec 31, 2022.
             Was a High Priest of Okawaru.
             Killed from afar by a black draconian (32 damage)
             ... with a bolt of lightning
             ... on level 4 of the Depths.
             The game lasted 02:11:02 (48988 turns).

OTABOTABOTAB the Hoplite (Formicid Fighter)        Turns: 48988, Time: 02:11:02

Health: -13/233    AC: 50    Str: 31    XL:     27
Magic:  39/39      EV:  8    Int: 12    God:    Okawaru [*****.]
Gold:   3613       SH: 24    Dex: 11    Spells: 26/26 levels left

rFire   + . .      SeeInvis +    a - +7 lajatang (elec)
rCold   + . .      Faith    .    O - +0 tower shield
rNeg    . . .      Spirit   .    T - +15 crystal plate armour of the Realm of Zot {rCorr}
rPois   .          Reflect  .    (helmet unavailable)
rElec   .          Harm     .    D - scarf {repulsion}
rCorr   +          Rampage  .    b - +1 pair of gloves
Will    ++...                    f - +2 pair of boots of Hubris {Regen+ rCorr} Stlth
                                 n - amulet of Vitality {RegenMP++ Regen++}
HPRegen 2.98/turn                u - ring of the Mantidfly {rF+ SInv}
MPRegen 1.06/turn                A - ring of protection from cold {rC+, !d}

@: lethally poisoned (-13 -> -14), studying Hexes, repel missiles
A: permanent stasis, dig shafts and tunnels, antennae 3, four strong arms,
clumsy 1, screaming 1
}: 2/15 runes: serpentine, barnacled
a: Dig, Shaft Self, Renounce Religion, Heroism, Finesse, Duel


You were on level 4 of the Depths.
You worshipped Okawaru.
Okawaru was extremely pleased with you.
You visited 8 branches of the dungeon, and saw 41 of its levels.
You visited the Abyss 5 times.
You also visited: Trove, Ossuary, Bailey, Ice Cave and Volcano.

You collected 7041 gold pieces.
You spent 3428 gold pieces at shops.

Inventory:

Hand Weapons
 a - a +7 lajatang of electrocution (weapon)
   (You took it off a centaur on level 7 of the Dungeon)
 C - the +9 great mace of Causality {drain, Drain rC+ Stlth+}
   (You bought it in a shop on level 4 of the Depths)

   A truly terrible weapon, it drains the life of any living foe it strikes.
   rC:        It protects you from cold.
   Drain:     It drains your maximum health when unequipped.
   Stlth:     It makes you more stealthy.
Missiles
 q - 2 atropa-tipped darts
 s - 11 stones
Armour
 b - a +1 pair of gloves (worn)
   (You found it on level 4 of the Dungeon)
 f - the +2 pair of boots of Hubris (worn) {Regen+ rCorr}
   (You found it on level 1 of the Shoals)

   Regen:     It increases your rate of health regeneration.
   rCorr:     It protects you from acid and corrosion.
 l - a +1 pair of boots of flying
   (Okawaru gifted it to you on level 2 of the Vaults)
 D - a scarf of repulsion (worn)
   (You found it on level 3 of the Snake Pit)
 O - a +0 tower shield (worn)
   (You took it off Louise on level 4 of the Snake Pit)
 T - the +15 crystal plate armour of the Realm of Zot (worn) {rCorr}
   (Okawaru gifted it to you on level 4 of the Lair of Beasts)

   rCorr:     It protects you from acid and corrosion.
Jewellery
 c - a ring of positive energy {rN+}
   (You took it off a fire giant on level 2 of the Depths)
 n - the amulet of Vitality (around neck) {RegenMP++ Regen++}
   (You took it off a centaur on level 7 of the Dungeon)

   [amulet of magic regeneration]

   It increases your rate of magic regeneration.
   Regen:     It increases your rate of health regeneration.
 u - the ring of the Mantidfly (left hand) {rF+ SInv}
   (You found it on level 2 of the Depths)

   [ring of see invisible]

   rF:        It protects you from fire.
   SInv:      It lets you see invisible.
 A - a ring of protection from cold (right hand) {rC+, !d}
   (You found it on level 3 of the Snake Pit)
 H - the ring of Dithmenos's Anger {Fly Will+ Str+3}
   (You found it in an ice cave)

   [ring of flight]

   Str:       It affects your strength (+3).
   Fly:       It grants you flight.
   Will:      It increases your willpower.
Wands
 d - a wand of digging (19)
   (You found it on level 1 of the Elven Halls)
 j - a wand of polymorph (23)
   (You found it on level 6 of the Dungeon)
 t - a wand of light (34)
   (You found it on level 3 of the Dungeon)
 y - a wand of mindburst (21)
   (You found it on level 1 of the Elven Halls)
 Y - a wand of roots (29)
   (You found it on level 10 of the Dungeon)
Scrolls
 e - 23 scrolls of identify {@r1}
 h - 6 scrolls of poison {!r}
 m - a scroll of amnesia
 o - 4 scrolls of fog
 p - a scroll of brand weapon
 E - 8 scrolls of fear
 S - 2 scrolls of summoning
 X - 6 scrolls of magic mapping {@r4!r}
 Z - 5 scrolls of enchant armour
Potions
 i - 14 potions of attraction {!q}
 r - 9 potions of might
 x - 2 potions of cancellation
 z - a potion of experience
 B - 9 potions of brilliance
 G - 4 potions of ambrosia {!q}
 I - 8 potions of invisibility
 J - 28 potions of curing {@q1}
 L - 11 potions of flight
 M - 12 potions of magic
 N - 11 potions of heal wounds {@q2}
 R - 5 potions of resistance
 U - 11 potions of mutation {!q}
Miscellaneous
 g - a tin of tremorstones (2/2)
   (You found it on level 3 of the Elven Halls)
 k - a piece from Xom's chessboard (15/15)
   (You found it on level 5 of the Lair of Beasts)
 v - a lightning rod (4/4)
   (You found it on level 3 of the Elven Halls)
 w - a phial of floods
   (You found it on level 3 of the Elven Halls)


   Skills:
 + Level 22.7 Fighting
 - Level 9.4 Axes
 - Level 14.2 Staves
 + Level 23.2 Armour
 + Level 26.4 Shields
 + Level 25.0 Invocations


You had 26 spell levels left.
You didn't know any spells.
Your spell library contained the following spells:

 Spells                   Type           Power      Damage    Failure   Level
 Apportation              Tloc           0%         N/A       94%         1
 Magic Dart               Conj           0%         1d3       94%         1
 Necrotise                Necr           0%         1d4       94%         1
 Sandblast                Erth           0%         2d4       94%         1
 Shock                    Conj/Air       0%         1d3       94%         1
 Sting                    Tmut/Pois      0%         1d3       94%         1
 Ensorcelled Hibernation  Hex/Ice        0%         N/A       98%         2
 Passwall                 Tmut/Erth      0%         N/A       98%         2
 Poisonous Vapours        Pois/Air       0%         N/A       98%         2
 Static Discharge         Conj/Air       0%         2-2/arc   98%         2
 Sublimation of Blood     Necr           0%         N/A       98%         2
 Dazzling Flash           Conj/Hex       0%         N/A       100%        3
 Frozen Ramparts          Ice            0%         1d1       100%        3
 Gell's Gravitas          Tloc           0%         N/A       100%        3
 Inner Flame              Hex/Fire       0%         N/A       100%        3
 Kindle Blastsparks       Fire/Tloc/Air  0%         2d10      100%        3
 Lesser Beckoning         Tloc           0%         N/A       100%        3
 Mephitic Cloud           Conj/Pois/Air  0%         N/A       100%        3
 Ozocubu's Armour         Ice            0%         N/A       100%        3
 Portal Projectile        Hex/Tloc       0%         N/A       100%        3
 Stone Arrow              Conj/Erth      0%         3d7       100%        3
 Teleport Other           Tloc           0%         N/A       100%        3
 Airstrike                Air            0%         2d(0-16)  100%        4
 Flame Wave               Conj/Fire      0%         2d4       100%        4
 Fulminant Prism          Conj/Hex       0%         3d5       100%        4
 Ice Form                 Ice/Tmut       0%         N/A       100%        4
 Iskenderun's Mystic Bla  Conj/Tloc      0%         2d3       100%        4
 Leda's Liquefaction      Hex/Erth       0%         N/A       100%        4
 Manifold Assault         Tloc           0%         N/A       100%        4
 Olgreb's Toxic Radiance  Pois           0%         N/A       100%        4
 Passage of Golubria      Tloc           0%         N/A       100%        4
 Petrify                  Tmut/Erth      0%         N/A       100%        4
 Sticky Flame             Conj/Fire      0%         2d3       100%        4
 Alistair's Intoxication  Tmut/Pois      0%         N/A       100%        5
 Blade Hands              Tmut           0%         N/A       100%        5
 Borgnjor's Vile Clutch   Necr/Erth      0%         N/A       100%        5
 Fireball                 Conj/Fire      0%         3d3       100%        5
 Freezing Cloud           Conj/Ice/Air   0%         6-21      100%        5
 Irradiate                Conj/Tmut      0%         3d11      100%        5
 Iskenderun's Battlesphe  Conj           0%         2d6       100%        5
 Lee's Rapid Deconstruct  Erth           0%         3d4*      100%        5
 Lightning Bolt           Conj/Air       0%         1d11      100%        5
 Metabolic Englaciation   Hex/Ice        0%         N/A       100%        5
 Yara's Violent Unravell  Hex/Tmut       0%         3d3       100%        5
 Conjure Ball Lightning   Conj/Air       0%         3x3d6     100%        6
 Dispersal                Tloc           0%         N/A       100%        6
 Eringya's Noxious Bog    Tmut/Pois      0%         N/A       100%        6
 Iron Shot                Conj/Erth      0%         9d1       100%        6
 Starburst                Conj/Fire      0%         6d3       100%        6
 Statue Form              Tmut/Erth      0%         N/A       100%        6
 Orb of Destruction       Conj           0%         9d5       100%        7
 Ozocubu's Refrigeration  Ice            0%         4d7       100%        7
 Storm Form               Tmut/Air       0%         N/A       100%        7
 Lehudib's Crystal Spear  Conj/Erth      0%         10d2      100%        8
 Chain Lightning          Conj/Air       0%         N/A       100%        9
 Fire Storm               Conj/Fire      0%         5d1       100%        9
 Shatter                  Erth           0%         3d5*      100%        9
 Summon Small Mammal      Summ           Unusable   N/A       N/A         1
 Blink                    Tloc           Unusable   N/A       N/A         2
 Call Imp                 Summ           Unusable   N/A       N/A         2
 Call Canine Familiar     Summ           Unusable   N/A       N/A         3
 Swiftness                Air            Unusable   N/A       N/A         3
 Tukima's Dance           Hex            Unusable   N/A       N/A         3
 Animate Armour           Summ/Erth      Unusable   N/A       N/A         4
 Summon Ice Beast         Ice/Summ       Unusable   N/A       N/A         4
 Summon Lightning Spire   Summ/Air       Unusable   N/A       N/A         4
 Simulacrum               Ice/Necr       Unusable   N/A       N/A         6

Dungeon Overview and Level Annotations

Branches:
Dungeon (15/15)            Temple (0/1) D:5            Lair (5/5) D:8
 Shoals (4/4) Lair:2        Snake (4/4) Lair:3        Slime (0/5) Lair:5
    Orc (2/2) D:12            Elf (3/3) Orc:2        Vaults (4/5) D:14
  Crypt (0/3) Vaults:2     Depths (4/4) D:15        Ossuary (visited)
 Bailey (visited)           IceCv (visited)         Volcano (visited)
    Zot: Depths:4

Altars:
Ashenzari
Cheibriados
Dithmenos
Gozag
Kikubaaqudgha
Makhleb
Nemelex Xobeh
Okawaru
Ru
Sif Muna
Vehumet
Yredelemnul
The Shining One
Jiyva

Shops:
D:3 *   D:12 *   D:15 !   Orc:2 ![((=   Elf:1 =[:=   Elf:2 :   Shoals:2 =*
Shoals:4 (   Snake:2 *   Vaults:2 *   Depths:4 (*?

Portals:
Hell: Depths:1 Depths:2 Depths:3 Depths:4
Abyss: Depths:1 Depths:2 Depths:3
Pandemonium: Depths:2
Ziggurat: Depths:3

Annotations:
Depths:3 exclusions: daeva and 1 more exclusion


Innate Abilities, Weirdness & Mutations

You cannot be hasted, slowed, berserked, paralysed or teleported.
You can dig through walls and to a lower floor.
You have a pair of large antennae on your head. (SInv)
Your four strong arms can wield two-handed weapons with a shield.
You are clumsy. (Dex -2)
You occasionally shout uncontrollably at your foes.


Message History

+0 gold dragon scales; a golden dragon corpse You carve the green draconian like a ham!!!
You are engulfed in poison gas.
You are more poisoned.
You feel very sick.
You hear a deafening roar!
The green draconian hits you but does no damage.
You block the green draconian's attack.
The spriggan berserker barely misses you.
A golden dragon comes into view.
You take 5 damage, and have 228/233 hp.
You hit the green draconian.
You are engulfed in poison gas.
You are more poisoned.
You feel extremely sick.
You take 12 damage, and have 216/233 hp.
You slice the green draconian!!
You are engulfed in poison gas.
You are more poisoned.
You feel extremely sick.
You hear a deafening roar!
The green draconian hits you but does no damage.
You block the green draconian's attack.
A black draconian comes into view. It is wielding a +0 mace.
The spriggan berserker hits you but does no damage.
You slice the green draconian!!
You kill the green draconian!
Okawaru accepts your kill.
You are engulfed in poison gas.
You are more poisoned.
You feel extremely sick.
The spriggan berserker barely misses you.
You take 21 damage, and have 195/233 hp.
You hit the spriggan berserker.
Lightning courses through the spriggan berserker!
You are engulfed in poison gas.
You are more poisoned.
You feel extremely sick.
The spriggan berserker hits you but does no damage.
The golden dragon breathes fire at you. The bolt of fire hits you! You resist.
You hear a roar!
You take 30 damage, and have 165/233 hp.
You slice the spriggan berserker!!
You are engulfed in poison gas.
You are more poisoned.
You feel extremely sick.
You take 13 damage, and have 152/233 hp.
You barely miss the spriggan berserker.
You are engulfed in poison gas.
You are more poisoned.
You feel extremely sick.
The spriggan berserker prays to Trog.
The death yak goes berserk!
You take 13 damage, and have 139/233 hp.
You slice the spriggan berserker!!
Lightning courses through the spriggan berserker!
You kill the spriggan berserker!
Okawaru accepts your kill.
The death yak is no longer berserk.
The death yak disappears in a puff of smoke!
You are engulfed in poison gas.
You are more poisoned.
You feel extremely sick.
The golden dragon breathes poison at you.
The blast of poison engulfs you but does no damage.
You are more poisoned.
You hear a roar!
You take 16 damage, and have 123/233 hp.
You feel extremely sick. The golden dragon breathes fire at you.
The bolt of fire hits you! You resist.
The black draconian is engulfed in poison gas.
The black draconian is poisoned.
The black draconian breathes lightning at you.
The bolt of lightning is repelled.
You hear a horrible gurgling sound! x3
You see here a +0 dire flail.
You take 31 damage, and have 92/233 hp.
You feel extremely sick.
The black draconian is engulfed in poison gas.
The black draconian looks even sicker.
You take 12 damage, and have 80/233 hp.
You feel extremely sick.
The black draconian is engulfed in poison gas.
The black draconian looks even sicker.
You take 9 damage, and have 71/233 hp.
You feel extremely sick.
You take 7 damage, and have 64/233 hp.
You feel extremely sick.
The black draconian breathes lightning at you.
The bolt of lightning hits you!!
* * * LOW HITPOINT WARNING * * *
There is an open gate here.
You take 39 damage, and have 25/233 hp.
You feel very sick.
You take 3 damage, and have 22/233 hp.
You feel very sick.
There is a stone staircase leading up here.
You take 2 damage, and have 20/233 hp.
You feel very sick.
The black draconian breathes lightning at you.
The bolt of lightning hits you!!
You die...

........................#
.#.......................
##......................
.###.................##
##....................#
<)...............)....##.
#).................÷[.#...
...#.......#.......÷[......
..##..##..##....@..##..?...
...##.##...................
.......###....###'''###....
.##...###.....# #...# ....
###.##.#......###d..## ...
.#.∩......#...##.....# ##
....########..##{###.#
...## ###...##D# .#
...######.#.###○)°§☼..#


You could see a black draconian (very poisoned, catching breath).

Vanquished Creatures
  Mara (Arena)
  A juggernaut (Depths:2)
  Sojobo (Vaults:2)
  Frederick (Vaults:4)
  2 shard shrikes (Depths:3)
  Vashnia (Snake:3)
  2 golden dragons
  5 caustic shrikes
  Nikola (Snake:4)
  2 profane servitors (Abyss:4)
  Jory (Vaults:2)
  A bone dragon (Abyss:4)
  2 walking crystal tomes (Depths:2)
  5 liches
  A titan (Depths:3)
  A shard shrike skeleton (Abyss:4)
  A walking earthen tome (Depths:3)
  A walking frostbound tome (Depths:2)
  3 deep elf blademasters
  3 quicksilver dragons
  3 deep elf master archers (Elf:3)
  4 krakens
  8 sphinxes
  Gastronok (D:8)
  4 tentacled starspawn (Abyss:4)
  4 tengu reavers
  A storm dragon (Depths:2)
  5 nagarajas
  A shadow dragon (Depths:3)
  A nargun (Arena)
  Ilsuiw (Shoals:3)
  8 frost giants
  3 iron dragons (Depths:2)
  12 vault wardens
  6 fire giants
  Aizul (Snake:2)
  7 deep elf sorcerers (Elf:3)
  Louise (Snake:4)
  2 cacodemons (Abyss:4)
  4 deep elf elementalists
  2 war gargoyles (Vaults:4)
  11 ironbound preservers
  A spriggan defender (Depths:2)
  2 reapers (Depths:3)
  The ghost of Aqenwou the Unseen, a journeyman GrWn of Dithmenos (D:15)
  31 very ugly things
  9 stone giants
  An ophan (Abyss:4)
  A black draconian (Depths:4)
  5 deep elf demonologists
  5 ironbound thunderhulks
  15 dire elephants
  A green draconian (Depths:4)
  5 deep elf annihilators (Elf:3)
  A red draconian (Volcano)
  The ghost of Encipher the Markskobold, a journeyman KoHu of Fedhas (Lair:5)
  3 spark wasps (Depths:2)
  A crystal guardian (Vaults:3)
  A blizzard demon (Abyss:4)
  6 deep elf death magi (Elf:3)
  4 ettins
  11 merfolk impalers
  7 merfolk javelineers
  12 fire dragons
  4 great orbs of eyes
  6 jiangshi (Depths:1)
  6 deep elf high priests
  10 yaktaur captains
  5 vault guards
  5 hydras
  Fannar (Lair:2)
  2 rakshasas (Depths:2)
  9 ice dragons
  Erolcha (D:13)
  2 caustic shrike simulacra (Depths:3)
  A spriggan air mage (Depths:4)
  A catoblepas (Lair:2)
  4 merfolk avatars
  5 salamander tyrants
  2 peacekeepers
  3 alligator snapping turtles
  A two-headed ogre (shapeshifter) (Elf:1)
  3 satyrs
  9 ironbound frosthearts
  4 ogre magi
  7 anacondas
  18 centaur warriors
  30 dancing weapons
  6 merfolk aquamancers
  15 two-headed ogres
  5 death yaks
  12 naga warriors
  3 boulder beetles
  8 deep troll shamans
  4 tengu warriors
  Urug (D:10)
  7 deep troll earth magi
  A hell hog (Abyss:4)
  An orc high priest (Elf:1)
  5 shock serpents
  14 deep elf knights
  16 thrashing horrors (Abyss:4)
  2 vampire magi (Depths:1)
  18 naga sharpshooters
  Amaemon (Lair:2)
  8 hell knights
  2 spriggans (Depths:2)
  3 salamander mystics
  4 wretched stars (Abyss:4)
  5 spriggan berserkers
  5 sixfirhies (Abyss:4)
  4 skeletal warriors
  A spectral anaconda (Lair:5)
  3 spectral death yaks (Lair:5)
  13 iron trolls
  3 spatial maelstroms (Abyss:4)
  17 sea snakes
  A shadow demon (Abyss:4)
  A quicksilver dragon simulacrum (Vaults:4)
  2 naga ritualists (Snake:2)
  A flayed ghost (Depths:2)
  An obsidian statue (Lair:5)
  4 glowing orange brains
  8 wizards
  53 deep trolls
  9 ironbound convokers
  5 necromancers
  4 orange crystal statues
  6 lindwurms
  13 deep elf archers
  Pikel (D:9)
  21 harpies
  40 deep elf pyromancers
  7 orc knights
  13 mana vipers
  A stone giant zombie (Vaults:4)
  40 ugly things
  26 deep elf zephyrmancers
  10 cyclopes
  21 manticores
  12 fauns
  3 oklob plants
  18 salamanders
  Maurice (D:11)
  An orc sorcerer (Orc:2)
  2 ice statues (IceCv)
  A worldbinder (Abyss:4)
  10 merfolk sirens
  11 vault sentinels
  10 water nymphs
  29 black mambas
  2 dire elephant zombies (Lair:5)
  6 guardian serpents
  11 elephants
  4 gargoyles
  3 smoke demons (Abyss:4)
  An apocalypse crab (Abyss:4)
  A dire elephant skeleton (Lair:5)
  Maggie (D:8)
  13 naga magi
  3 orange demons
  A yaktaur zombie (Vaults:4)
  16 cane toads
  2 torpor snails
  A hellion (Abyss:4)
  6 komodo dragons
  A komodo dragon (shapeshifter) (D:13)
  5 rime drakes
  2 tengu conjurers
  3 efreet
  A golden dragon simulacrum (Depths:3)
  2 freezing wraiths
  30 yaktaurs
  3 tormentors (Abyss:4)
  9 meliai
  A hellwing (Abyss:4)
  6 polar bears
  4 ancient zymes (Abyss:4)
  29 merfolk
  11 trolls
  8 wind drakes
  5 hornets
  17 blink frogs
  8 raiju (Abyss:4)
  22 large abominations
  14 snapping turtles
  13 dream sheep
  A snapping turtle (shapeshifter) (Depths:4)
  Sigmund (D:2)
  3 shadows
  46 slime creatures
  A centaur simulacrum (D:14)
  2 vampires
  A ynoxinul (Abyss:4)
  3 wyverns
  71 yaks
  18 water elementals
  6 air elementals
  3 fire elementals
  2 wraiths
  Eustachio (D:5)
  29 starcursed masses (Abyss:4)
  3 steam dragons
  4 hogs (Snake:4)
  3 neqoxecs (Abyss:4)
  Grum (D:8)
  2 chaos spawn (Abyss:4)
  5 basilisks
  7 vampire mosquitoes
  3 spatial vortices (Abyss:4)
  2 spectral cane toads (Lair:5)
  10 wargs (Orc:2)
  41 nagas
  A naga (shapeshifter) (Abyss:4)
  3 acid dragons (D:10)
  A two-headed ogre zombie (D:12)
  21 water moccasins
  35 orc warriors
  A sky beast (D:7)
  3 black bears
  An ettin simulacrum (Vaults:4)
  7 ice beasts
  17 wolves
  3 elephant zombies (Lair:5)
  14 ogres
  A boggart (D:10)
  19 centaurs
  19 small abominations
  4 lemures (D:9)
  3 phantoms
  3 elephant skeletons (Lair:5)
  23 bullfrogs
  3 earth elementals (Elf:1)
  2 elf zombies (Ossuary)
  3 necrophages
  A gnoll sergeant (D:9)
  4 scorpions
  2 cane toad simulacra (Lair:5)
  2 wights
  3 troll zombies (D:12)
  2 elephant simulacra (Lair:5)
  18 killer bees
  2 lindwurm simulacra (IceCv)
  2 howler monkeys
  3 electric eels
  3 komodo dragon simulacra (IceCv)
  2 jellies (Lair:5)
  A human zombie (Ossuary)
  3 hounds
  8 orc priests
  Crazy Yiuf (D:5)
  6 iguanas
  An iron imp (Abyss:4)
  2 gnoll boudas
  16 orc wizards
  16 hell rats
  4 ogre zombies (D:12)
  A hound zombie (Ossuary)
  4 mummies (Ossuary)
  24 gnolls
  7 adders
  3 acid dragon simulacra (IceCv)
  2 shadow imps
  5 white imps
  13 steam dragon simulacra (IceCv)
  2 adder zombies (Ossuary)
  4 dart slugs
  96 orcs
  9 bats
  12 endoplasms
  10 giant cockroaches
  7 hobgoblins
  9 jackals
  5 quokkas
  7 ball pythons
  6 frilled lizards
  A gnoll zombie (Ossuary)
  9 goblins
  3 goblin skeletons (D:12)
  A goblin zombie (D:12)
  2 hobgoblin skeletons (D:12)
  A hobgoblin zombie (Ossuary)
  A jackal zombie (Ossuary)
  8 kobolds
  An orc skeleton (D:12)
  20 orc zombies
  5 rats
  A rat zombie (Ossuary)
  6 starspawn tentacles (Abyss:4)
  6 tentacles
2076 creatures vanquished.

Vanquished Creatures (others)
  Kirke (Snake:4)
  A vault warden (Vaults:2)
  A thrashing horror (Abyss:4)
  A deep elf knight (Elf:2)
  A deep troll (Vaults:4)
  A deep elf pyromancer (Elf:2)
  A rime drake (IceCv)
  A wraith (D:10)
  A hog (Snake:4)
  2 wolves (D:13)
  A bush (Lair:5)
  18 fungi
  2 lurking horrors (Abyss:4)
  88 plants
  9 starspawn tentacles (Abyss:4)
  14 tentacles
  16 withered plants (Lair:5)
159 creatures vanquished.

Grand Total: 2235 creatures vanquished

Notes
Turn   | Place    | Note
-------+----------+-------------------------------------------
     0 | D:1      | OTABOTABOTAB the Formicid Fighter began the quest for the
                  | Orb.
     0 | D:1      | Reached XP level 1. HP: 18/18 MP: 1/1
    35 | D:1      | Reached XP level 2. HP: 19/24 MP: 2/2
   126 | D:1      | Found a large runed translucent door.
   126 | D:1      | Found a large runed translucent door.
   188 | D:1      | You fall into a shaft and drop 1 floor!
   274 | D:2      | Found an iron altar of Okawaru.
   375 | D:2      | Became a worshipper of Warmaster Okawaru
   430 | D:1      | Reached XP level 3. HP: 21/29 MP: 3/3
  1231 | D:1      | Reached XP level 4. HP: 34/37 MP: 4/4
  1408 | D:1      | Reached skill level 3 in Axes
  1761 | D:2      | Noticed Sigmund
  1771 | D:2      | Killed Sigmund
  1771 | D:2      | Reached * piety under Okawaru
  1772 | D:2      | Reached skill level 4 in Fighting
  1772 | D:2      | Reached skill level 4 in Axes
  1772 | D:2      | Reached skill level 4 in Armour
  1772 | D:2      | Reached skill level 5 in Shields
  1772 | D:2      | Reached skill level 1 in Invocations
  1772 | D:2      | Reached XP level 5. HP: 34/42 MP: 4/6
  1772 | D:2      | Reached XP level 6. HP: 39/48 MP: 4/7
  2047 | D:2      | Reached skill level 2 in Invocations
  2235 | D:2      | Found a faded altar of an unknown god.
  2556 | D:3      | Found a burning altar of Makhleb.
  2708 | D:3      | Reached XP level 7. HP: 55/55 MP: 8/8
  2718 | D:3      | Found Per Cij's Assorted Antiques.
  3178 | D:3      | Found a shimmering blue altar of Sif Muna.
  3270 | D:4      | Found a sand-covered staircase.
  3281 | Ossuary  | Entered an ossuary
  3293 | Ossuary  | Reached ** piety under Okawaru
  3737 | D:4      | Reached skill level 5 in Axes
  3737 | D:4      | Reached skill level 3 in Invocations
  4457 | D:5      | Entered Level 5 of the Dungeon
  4464 | D:5      | Reached skill level 5 in Armour
  4557 | D:5      | Reached XP level 8. HP: 54/61 MP: 10/10
  4658 | D:5      | Reached skill level 5 in Fighting
  4658 | D:5      | Reached skill level 6 in Shields
  4704 | D:5      | Found a staircase to the Ecumenical Temple.
  4764 | D:5      | Identified the +7 whip of Abyjy {elec, Str+2}
  4981 | D:5      | Noticed Eustachio
  5001 | D:5      | Killed Eustachio
  5191 | D:5      | Found a runed translucent door.
  5192 | D:5      | Noticed Crazy Yiuf
  5305 | D:5      | Killed Crazy Yiuf
  5369 | D:6      | Identified the +4 quarterstaff of Fate {drain, Int+4}
  5414 | D:6      | Reached skill level 6 in Axes
  5414 | D:6      | Reached skill level 4 in Invocations
  5841 | D:6      | Reached XP level 9. HP: 69/69 MP: 12/12
  5885 | D:3      | Bought a potion of curing for 54 gold pieces
  5885 | D:3      | Bought a scintillating turquoise ring for 90 gold pieces
  5885 | D:3      | Identified the ring "Tagruwul" {EV+5 Dex+5} (You bought it
                  | in a shop on level 3 of the Dungeon)
  5885 | D:3      | Bought a potion of heal wounds for 90 gold pieces
  5885 | D:3      | Bought a scroll of enchant weapon for 135 gold pieces
  5885 | D:3      | Bought a scroll of identify for 36 gold pieces
  5995 | D:6      | Reached skill level 7 in Shields
  6057 | D:6      | Reached *** piety under Okawaru
  6058 | D:6      | Reached skill level 6 in Fighting
  6058 | D:6      | Reached skill level 6 in Armour
  6297 | D:6      | Reached skill level 7 in Axes
  6379 | D:7      | Reached skill level 5 in Invocations
  6396 | D:7      | Found a flagged portal.
  6405 | Bailey   | Entered a bailey
  6886 | Bailey   | Noticed an orc knight
  6894 | Bailey   | Killed an orc knight
  7098 | D:7      | Reached skill level 8 in Shields
  7160 | D:7      | Reached skill level 8 in Axes
  7160 | D:7      | Reached XP level 10. HP: 77/77 MP: 14/14
  7337 | D:7      | Reached skill level 6 in Invocations
  7412 | D:7      | Reached skill level 7 in Fighting
  7412 | D:7      | Reached skill level 7 in Armour
  7550 | D:7      | Noticed a skeletal warrior
  7565 | D:7      | Reached **** piety under Okawaru
  7582 | D:7      | Killed a skeletal warrior
  7588 | D:7      | Noticed a manticore
  7589 | D:7      | Noticed a boulder beetle
  7589 | D:7      | Noticed a gargoyle
  7594 | D:7      | Killed a manticore
  7595 | D:7      | Reached skill level 9 in Axes
  7595 | D:7      | Reached skill level 9 in Shields
  7599 | D:7      | Killed a gargoyle
  7610 | D:7      | Killed a boulder beetle
  7610 | D:7      | HP: 15/79 [centaur/arrow (6)]
  7611 | D:7      | Reached skill level 7 in Invocations
  7807 | D:7      | Reached skill level 1 in Staves
  7807 | D:7      | Reached XP level 11. HP: 85/85 MP: 16/16
  7822 | D:7      | Reached ***** piety under Okawaru
  7974 | D:7      | Reached skill level 2 in Staves
  8504 | D:8      | Reached skill level 3 in Staves
  8511 | D:8      | Reached skill level 4 in Staves
  8521 | D:8      | Noticed Gastronok
  8527 | D:8      | Reached skill level 5 in Staves
  8548 | D:8      | Reached skill level 6 in Staves
  8565 | D:8      | Killed Gastronok
  8565 | D:8      | Received a gift from Okawaru
  8566 | D:8      | Reached skill level 7 in Staves
  8610 | D:8      | Reached skill level 8 in Staves
  8693 | D:8      | Found a staircase to the Lair.
  8942 | D:8      | Reached skill level 9 in Staves
  8988 | D:8      | Noticed Grum
  8996 | D:8      | Killed Grum
  9090 | D:8      | Noticed Maggie
  9096 | D:8      | Killed Maggie
  9224 | D:9      | Found an opulent altar of Gozag.
  9225 | D:9      | Found a glowing golden altar of the Shining One.
  9298 | D:9      | Reached XP level 12. HP: 92/92 MP: 17/17
  9368 | D:9      | Reached ****** piety under Okawaru
  9374 | D:9      | Reached skill level 10 in Staves
  9434 | D:9      | Noticed Pikel
  9447 | D:9      | Killed Pikel
  9574 | D:9      | Noticed a two-headed ogre
  9596 | D:9      | Killed a two-headed ogre
  9597 | D:9      | Reached skill level 11 in Staves
  9659 | D:9      | Identified the +1 leather armour "Eqoasirr" {rElec Str+2}
  9846 | D:9      | Found a radiant altar of Vehumet.
  9991 | D:9      | Found a shadowy altar of Dithmenos.
 10086 | D:10     | Entered Level 10 of the Dungeon
 10139 | D:10     | Noticed a centaur warrior
 10154 | D:10     | Killed a centaur warrior
 10154 | D:10     | Identified the +6 crystal plate armour of the Shining Light
                  | {*Slow rPois Str+4} (Okawaru gifted it to you on level 10
                  | of the Dungeon)
 10154 | D:10     | Received a gift from Okawaru
 10177 | D:10     | Reached skill level 12 in Staves
 10226 | D:10     | Noticed a centaur warrior
 10243 | D:10     | Killed a centaur warrior
 10246 | D:10     | HP: 4/92 [acid dragon/splash of acid (31)]
 10564 | D:10     | Reached skill level 13 in Staves
 10706 | D:10     | Noticed Urug
 10719 | D:10     | Killed Urug
 11001 | Lair:1   | Entered Level 1 of the Lair of Beasts
 11343 | Lair:1   | Reached XP level 13. HP: 89/98 MP: 18/18
 11608 | Lair:1   | Reached skill level 14 in Staves
 11733 | Lair:1   | Received a gift from Okawaru
 11742 | Lair:1   | Reached skill level 8 in Fighting
 12112 | Lair:2   | Noticed Amaemon
 12116 | Lair:2   | Killed Amaemon
 12117 | Lair:2   | Reached skill level 8 in Armour
 12282 | Lair:2   | Reached skill level 10 in Shields
 12295 | Lair:2   | Reached skill level 8 in Invocations
 12312 | Lair:2   | Noticed Fannar
 12332 | Lair:2   | Killed Fannar
 12559 | Lair:2   | Found a staircase to the Shoals.
 12559 | Lair:2   | Noticed a catoblepas
 12576 | Lair:2   | Killed a catoblepas
 12576 | Lair:2   | Received a gift from Okawaru
 12799 | Lair:2   | Reached skill level 9 in Fighting
 12799 | Lair:2   | Reached skill level 9 in Armour
 12874 | Lair:2   | Reached skill level 11 in Shields
 12907 | Lair:2   | Reached skill level 9 in Invocations
 12999 | Lair:3   | Reached XP level 14. HP: 108/108 MP: 20/20
 13262 | Lair:3   | Reached skill level 10 in Fighting
 13269 | Lair:3   | Reached skill level 10 in Armour
 13333 | Lair:3   | Received a gift from Okawaru
 13345 | Lair:3   | Reached skill level 10 in Invocations
 13398 | Lair:3   | Reached skill level 12 in Shields
 13541 | Lair:3   | Found a staircase to the Snake Pit.
 14194 | Lair:4   | Identified the +15 crystal plate armour of the Realm of Zot
                  | {rCorr} (Okawaru gifted it to you on level 4 of the Lair of
                  | Beasts)
 14194 | Lair:4   | Received a gift from Okawaru
 14559 | Lair:5   | Entered Level 5 of the Lair of Beasts
 14597 | Lair:5   | Found a viscous altar of Jiyva.
 14620 | Lair:5   | Found a staircase to the Slime Pits.
 14638 | Lair:5   | Found a transporter.
 14653 | Lair:5   | Found a transporter.
 14962 | Lair:5   | Reached skill level 13 in Invocations
 14962 | Lair:5   | Reached XP level 15. HP: 117/117 MP: 22/24
 15081 | Lair:5   | Reached skill level 11 in Fighting
 15092 | Lair:5   | Reached skill level 11 in Armour
 15106 | Lair:5   | Reached skill level 13 in Shields
 15121 | Lair:5   | Identified the +4 scale mail of the Eight Boll Weevils
                  | {rC+}
 15308 | Lair:5   | Noticed Encipher's ghost (journeyman KoHu)
 15593 | Lair:5   | Reached XP level 16. HP: 104/125 MP: 26/26
 15727 | Lair:5   | Identified the +0 animal skin "Tihigg" {rElec rPois rF-
                  | rC++} (Okawaru gifted it to you on level 5 of the Lair of
                  | Beasts)
 15727 | Lair:5   | Received a gift from Okawaru
 16164 | Lair:5   | Reached skill level 14 in Shields
 16164 | Lair:5   | Reached skill level 14 in Invocations
 16201 | Lair:5   | Reached skill level 12 in Fighting
 16216 | Lair:5   | Killed Encipher's ghost
 16217 | Lair:5   | Reached skill level 12 in Armour
 16515 | D:11     | Found a portal to a secret trove of treasure.
 16628 | D:11     | Found a gate leading to a gauntlet.
 16709 | D:11     | Found a sparkling altar of Nemelex Xobeh.
 17265 | D:11     | Noticed Maurice
 17273 | D:11     | Killed Maurice
 17525 | D:12     | Found a staircase to the Orcish Mines.
 18041 | D:12     | Found Rifusuo's General Store.
 18117 | D:12     | Identified the +12 lajatang "Comalalick" {drain, rPois rF+
                  | rC- rCorr} (Okawaru gifted it to you on level 12 of the
                  | Dungeon)
 18117 | D:12     | Received a gift from Okawaru
 18219 | Orc:1    | Entered Level 1 of the Orcish Mines
 18386 | Orc:2    | Entered Level 2 of the Orcish Mines
 18386 | Orc:2    | Found a staircase to the Elven Halls.
 18728 | Orc:2    | Found a dark tunnel.
 18733 | Volcano  | Entered a volcano
 18754 | Volcano  | Found a burning altar of Makhleb.
 18813 | Volcano  | Reached skill level 15 in Shields
 18983 | Orc:2    | Reached XP level 17. HP: 135/135 MP: 28/28
 19014 | Orc:2    | Received a gift from Okawaru
 19030 | Orc:2    | Reached skill level 15 in Invocations
 19425 | Orc:2    | Found Huriarai's Antique Weapon Shop.
 19425 | Orc:2    | Found Simnec's Jewellery Shoppe.
 19588 | Orc:2    | Reached skill level 13 in Fighting
 19588 | Orc:2    | Reached skill level 13 in Armour
 19635 | Orc:2    | Found Zahehy's Distillery.
 19760 | Orc:2    | Found Daicve Eraq's Antique Weapon Shoppe.
 19794 | Orc:2    | Found Zouhinki's Antique Armour Shop.
 20060 | Orc:2    | Bought the ring of Ruih {EV+5 Slay+2} for 719 gold pieces
 20104 | Orc:2    | Bought a potion of heal wounds for 60 gold pieces
 20104 | Orc:2    | Bought 2 potions of cancellation for 192 gold pieces
 20104 | Orc:2    | Bought a potion of heal wounds for 60 gold pieces
 20104 | Orc:2    | Bought a potion of curing for 36 gold pieces
 20104 | Orc:2    | Bought a potion of curing for 36 gold pieces
 20104 | Orc:2    | Bought a potion of heal wounds for 60 gold pieces
 20104 | Orc:2    | Bought 2 potions of curing for 72 gold pieces
 20119 | Orc:2    | Bought an iridescent morningstar for 243 gold pieces
 20119 | Orc:2    | Identified the +7 morningstar "Jirushre" {heavy, rPois}
                  | (You bought it in a shop on level 2 of the Orcish Mines)
 20174 | D:13     | Noticed Erolcha
 20183 | D:13     | Killed Erolcha
 20397 | D:13     | Found a frozen archway.
 20437 | IceCv    | Entered an ice cave
 20645 | IceCv    | Identified the ring of Dithmenos's Anger {Fly Will+ Str+3}
 21406 | D:14     | Reached skill level 16 in Shields
 21583 | D:14     | Found a gate to the Vaults.
 21626 | D:14     | Received a gift from Okawaru
 22119 | D:14     | Reached skill level 16 in Invocations
 22442 | D:15     | Entered Level 15 of the Dungeon
 22487 | D:15     | Found a staircase to the Depths.
 22556 | D:15     | Found Simikk's Distillery.
 22562 | D:15     | Bought a potion of curing for 51 gold pieces
 22562 | D:15     | Bought a potion of might for 68 gold pieces
 22562 | D:15     | Bought a potion of curing for 51 gold pieces
 22581 | D:15     | Reached skill level 14 in Fighting
 22581 | D:15     | Reached skill level 14 in Armour
 23031 | D:15     | Found a runed translucent door.
 23031 | D:15     | Noticed Aqenwou's ghost (journeyman GrWn)
 23232 | D:15     | Killed Aqenwou's ghost
 23485 | Snake:1  | Entered Level 1 of the Snake Pit
 23523 | Snake:1  | Reached XP level 18. HP: 120/146 MP: 30/30
 23814 | Snake:1  | HP: 26/147 [naga warrior/+0 halberd (15)]
 23815 | Snake:1  | HP: 9/147 [naga warrior/+0 halberd (18)]
 23821 | Snake:1  | HP: 22/147 [naga/+0 trident (17)]
 24219 | Snake:2  | Reached skill level 17 in Shields
 24392 | Snake:2  | Received a gift from Okawaru
 24459 | Snake:2  | Found Vaelez's General Store.
 24470 | Snake:2  | Noticed Aizul
 24478 | Snake:2  | Killed Aizul
 24525 | Snake:2  | Reached skill level 17 in Invocations
 24668 | Snake:2  | Reached skill level 15 in Fighting
 24668 | Snake:2  | Reached skill level 15 in Armour
 25298 | Snake:3  | Found a snail-covered altar of Cheibriados.
 25322 | Snake:3  | Identified the +12 chain mail "Vaetruph" {rElec} (Okawaru
                  | gifted it to you on level 3 of the Snake Pit)
 25322 | Snake:3  | Received a gift from Okawaru
 25406 | Snake:3  | Got Sif Muna's Omnibus of Fulgurant Jinxing
 25440 | Snake:3  | Noticed Vashnia
 25482 | Snake:3  | Killed Vashnia
 25634 | Snake:3  | Reached skill level 18 in Shields
 25817 | Snake:3  | Reached XP level 19. HP: 153/155 MP: 31/31
 26333 | Snake:4  | Entered Level 4 of the Snake Pit
 26666 | Snake:4  | Received a gift from Okawaru
 26673 | Snake:4  | Reached skill level 18 in Invocations
 26719 | Snake:4  | Got a serpentine rune of Zot
 26952 | Snake:4  | Noticed Louise
 26955 | Snake:4  | Noticed Kirke
 26966 | Snake:4  | Killed Louise
 26974 | Snake:4  | Reached skill level 16 in Fighting
 26980 | Snake:4  | Reached skill level 16 in Armour
 27004 | Snake:4  | Noticed Nikola
 27011 | Snake:4  | Killed Kirke
 27012 | Snake:4  | HP: 29/157 [Nikola/bolt of lightning (17)]
 27084 | Snake:4  | Killed Nikola
 27312 | Shoals:1 | Entered Level 1 of the Shoals
 27348 | Shoals:1 | Identified the +2 pair of boots of Hubris {Regen+ rCorr}
 27553 | Shoals:1 | Reached skill level 19 in Shields
 28343 | Shoals:2 | Found Qequin's Jewellery Emporium.
 28654 | Shoals:2 | Reached XP level 20. HP: 157/166 MP: 33/33
 28661 | Shoals:2 | Identified the +1 cloak of Grace {Harm rElec} (Okawaru
                  | gifted it to you on level 2 of the Shoals)
 28661 | Shoals:2 | Received a gift from Okawaru
 28963 | Shoals:2 | Found Sepelav's Island Escapes.
 29409 | Shoals:3 | Noticed Ilsuiw
 29464 | Shoals:3 | Killed Ilsuiw
 29636 | Shoals:3 | Reached skill level 19 in Invocations
 29676 | Shoals:3 | Identified the ring "Xoqutuc" {rC+ rN+}
 29683 | Shoals:3 | Identified the +6 morningstar "Enuraov" {drain, Int+7}
 30171 | Shoals:4 | Entered Level 4 of the Shoals
 30206 | Shoals:4 | Reached skill level 17 in Armour
 30223 | Shoals:4 | Reached skill level 17 in Fighting
 30369 | Shoals:4 | Noticed Mara
 30373 | Arena    | Entered the Arena
 30384 | Arena    | Noticed OTABOTABOTAB's illusion
 30385 | Arena    | Killed Mara
 30386 | Arena    | Reached skill level 20 in Shields
 30433 | Shoals:4 | Identified the +1 ring mail of the Curious Seers {Str+5}
                  | (Okawaru gifted it to you on level 4 of the Shoals)
 30433 | Shoals:4 | Received a gift from Okawaru
 30511 | Shoals:4 | Found Bismuwn's Weapon Emporium.
 31007 | Shoals:4 | Got a barnacled rune of Zot
 31935 | Elf:1    | Entered Level 1 of the Elven Halls
 31981 | Elf:1    | Got the Monograph on Topological Pollution
 32007 | Elf:1    | Reached XP level 21. HP: 175/175 MP: 34/34
 32581 | Elf:1    | Identified the +0 pair of boots of Wonder {Dex+6} (Okawaru
                  | gifted it to you on level 1 of the Elven Halls)
 32581 | Elf:1    | Received a gift from Okawaru
 32887 | Elf:1    | Found Tim Tug's Armour Boutique.
 32942 | Elf:1    | Noticed a Tzitzimitl
 32961 | Elf:1    | Reached skill level 20 in Invocations
 33107 | Elf:1    | Found Litefair's Jewellery Shop.
 33108 | Elf:1    | Found Henaokur's Book Emporium.
 33109 | Elf:1    | Found Diypejur's Jewellery Shop.
 33475 | Elf:1    | Reached skill level 18 in Armour
 33477 | Elf:1    | Reached skill level 18 in Fighting
 33483 | Elf:2    | Reached skill level 21 in Shields
 33564 | Elf:2    | Found Woroyxt's Book Boutique.
 33889 | Elf:2    | Found a huge runed translucent gate.
 33889 | Elf:2    | Found a huge runed translucent gate.
 33889 | Elf:2    | Found a huge runed translucent gate.
 33895 | Elf:2    | Found a huge runed translucent gate.
 33895 | Elf:2    | Found a huge runed translucent gate.
 34552 | Elf:3    | Entered Level 3 of the Elven Halls
 35743 | Abyss:2  | Cast into level 2 of the Abyss (a deep elf sorcerer)
 35773 | Elf:3    | Escaped the Abyss
 35786 | Elf:3    | Reached XP level 22. HP: 185/185 MP: 36/36
 35852 | Elf:3    | Identified the +1 great sword "Macoc" {vamp, rC- Dex+6}
 35977 | Elf:3    | Reached skill level 21 in Invocations
 35980 | Abyss:4  | Cast into level 4 of the Abyss (a deep elf sorcerer)
 36119 | Abyss:4  | HP: 30/186 [??? (27)]
 36136 | Abyss:4  | Found a corrupted altar of Lugonu.
 36228 | Abyss:4  | Reached skill level 22 in Shields
 36262 | Elf:3    | Escaped the Abyss
 36361 | Abyss:4  | Cast into level 4 of the Abyss (a deep elf demonologist)
 36410 | Abyss:4  | Found a corrupted altar of Lugonu.
 36413 | Abyss:4  | Noticed a profane servitor
 36437 | Abyss:4  | Killed a profane servitor
 36438 | Abyss:4  | Reached skill level 19 in Fighting
 36438 | Abyss:4  | Reached skill level 19 in Armour
 36724 | Elf:3    | Escaped the Abyss
 36755 | Elf:3    | HP: 35/170 [Ice Fiend[a deep elf demonologist] (12)]
 36761 | Elf:3    | HP: 36/172 [poisoned by a green death (bolt of poison)]
 36968 | Elf:3    | Identified the amulet of Kaske {Spirit Rampage Str+4 Dex-5}
 37254 | Vaults:1 | Entered Level 1 of the Vaults
 37907 | Abyss:4  | Cast into level 4 of the Abyss (a wizard)
 38064 | Abyss:4  | HP: 38/188 [wretched star/lance of force (11)]
 38085 | Abyss:4  | Reached XP level 23. HP: 52/194 MP: 37/37
 38171 | Abyss:4  | Gained mutation: You occasionally shout uncontrollably at
                  | your foes. [a neqoxec]
 38182 | Abyss:4  | Gained mutation: You are clumsy. (Dex -2) [a neqoxec]
 38273 | Abyss:4  | Found a corrupted altar of Lugonu.
 38355 | Vaults:1 | Escaped the Abyss
 39088 | Vaults:1 | Reached skill level 23 in Shields
 39173 | Vaults:2 | Reached skill level 22 in Invocations
 39178 | Vaults:2 | Received a gift from Okawaru
 39290 | Vaults:2 | Noticed Sojobo
 39347 | Vaults:2 | Killed Sojobo
 39424 | Vaults:2 | Reached skill level 20 in Fighting
 39534 | Vaults:2 | Reached skill level 20 in Armour
 39560 | Vaults:2 | Found a staircase to the Crypt.
 39560 | Vaults:2 | Found an ancient bone altar of Kikubaaqudgha.
 39560 | Vaults:2 | Noticed Jory
 39561 | Vaults:2 | Found a basalt altar of Yredelemnul.
 39586 | Vaults:2 | Killed Jory
 39632 | Abyss:4  | Cast into level 4 of the Abyss (a wizard)
 39671 | Abyss:4  | Noticed a profane servitor
 39688 | Abyss:4  | Killed a profane servitor
 39769 | Vaults:2 | Escaped the Abyss
 39809 | Vaults:2 | Found Unetz's General Store.
 40683 | Vaults:3 | Reached XP level 24. HP: 205/205 MP: 38/38
 41087 | Vaults:3 | Identified the +7 war axe "Adaaqionk" {flame, Will+}
                  | (Okawaru gifted it to you on level 3 of the Vaults)
 41087 | Vaults:3 | Received a gift from Okawaru
 41983 | Vaults:4 | Reached skill level 24 in Shields
 42115 | Vaults:4 | HP: 42/206 [ironbound thunderhulk/bolt of lightning (28)]
 42119 | Vaults:4 | Reached skill level 23 in Invocations
 42126 | Vaults:4 | Received a gift from Okawaru
 42470 | Vaults:4 | Noticed Frederick
 42479 | Vaults:4 | Killed Frederick
 42660 | Vaults:4 | Reached skill level 21 in Fighting
 42681 | Vaults:4 | Reached skill level 21 in Armour
 43397 | Depths:1 | Entered Level 1 of the Depths
 43436 | Depths:1 | Found a one-way gate to the infinite horrors of the Abyss.
 43457 | Depths:1 | Found a broken altar of Ashenzari.
 43702 | Depths:1 | Identified the ring of Dutacim {EV+5 Stlth+}
 43774 | Depths:1 | Reached XP level 25. HP: 214/214 MP: 38/38
 44051 | Depths:1 | Found a gateway to Hell.
 44462 | Depths:2 | You fall into a shaft and drop 1 floor!
 44617 | Depths:3 | Found a one-way gateway to a ziggurat.
 44617 | Depths:3 | Identified the +0 tower shield of Ennui {-Tele Rampage rN+
                  | Will++}
 44638 | Depths:3 | HP: 48/215 [daeva/divine providence (12)]
 44912 | Depths:3 | Noticed a shard shrike
 44916 | Depths:3 | Noticed a shard shrike
 44944 | Depths:3 | Killed a shard shrike
 44945 | Depths:3 | Reached skill level 25 in Shields
 44949 | Depths:3 | Killed a shard shrike
 44954 | Depths:3 | HP: 53/215 [acid (4)]
 44958 | Depths:3 | HP: 20/215 [nargun (30)]
 44960 | Arena    | Entered the Arena
 45467 | Depths:3 | Identified the +6 sling of Mentan {drain, rElec SInv}
 45491 | Depths:3 | Received a gift from Okawaru
 45812 | Depths:2 | Reached skill level 24 in Invocations
 45895 | Depths:2 | Noticed a caustic shrike
 45908 | Depths:2 | Killed a caustic shrike
 46227 | Depths:2 | Reached skill level 22 in Fighting
 46296 | Depths:2 | Noticed a juggernaut
 46318 | Depths:2 | Killed a juggernaut
 46319 | Depths:2 | Reached skill level 22 in Armour
 46382 | Depths:2 | Received a gift from Okawaru
 46429 | Depths:2 | HP: 52/217 [frost giant/bolt of cold (18)]
 46429 | Depths:2 | HP: 16/217 [disintegration (29)]
 46435 | Depths:2 | Reached XP level 26. HP: 42/225 MP: 39/39
 46436 | Depths:2 | HP: 38/225 [fire dragon (6)]
 46812 | D:11     | You paid a toll of +2 gold dragon scales to enter a
                  | treasure trove
 46813 | Trove    | Entered a treasure trove
 46833 | Trove    | Got Sif Muna's Codex of Crystalline Fog
 46844 | Trove    | Identified a scroll of acquirement
 46915 | Trove    | Reached XP level 27. HP: 231/231 MP: 39/39
 46916 | Trove    | Acquired 676 gold pieces
 47735 | Depths:2 | Identified the ring of the Mantidfly {rF+ SInv}
 47740 | Depths:2 | Identified the +1 ring mail of Protective Custody {Contam
                  | Regen+ Str+8 SInv}
 47844 | Depths:2 | Reached skill level 26 in Shields
 47898 | Depths:2 | Found the macabre finger necklace {rN+}
 47977 | Depths:2 | Found a one-way gate leading to the halls of Pandemonium.
 47991 | Depths:2 | Reached skill level 23 in Armour
 48017 | Depths:2 | Identified the +0 leather armour "Sifao" {Regen+ MP+9 Str-5
                  | Dex+4}
 48319 | Depths:4 | Entered Level 4 of the Depths
 48328 | Depths:4 | Found Quasososhro's Assorted Antiques.
 48421 | Depths:4 | Bought a glowing executioner's axe for 338 gold pieces
 48423 | Depths:4 | Found Siwn's Antique Weapon Emporium.
 48431 | Depths:4 | Bought a crystal great mace for 437 gold pieces
 48431 | Depths:4 | Identified the +9 great mace of Causality {drain, Drain rC+
                  | Stlth+} (You bought it in a shop on level 4 of the Depths)
 48577 | Depths:4 | HP: 55/223 [acid (5)]
 48663 | Depths:4 | Found Sitzyst's Magic Scroll Boutique.
 48707 | Depths:4 | Reached skill level 25 in Invocations
 48710 | Depths:4 | Bought a scroll of enchant armour for 150 gold pieces
 48710 | Depths:4 | Bought a scroll of magic mapping for 150 gold pieces
 48710 | Depths:4 | Bought a scroll of magic mapping for 150 gold pieces
 48710 | Depths:4 | Bought a scroll of enchant armour for 150 gold pieces
 48734 | Depths:4 | Found a sacrificial altar of Ru.
 48985 | Depths:4 | HP: 58/233 [poisoned by a golden dragon (blast of poison)]
 48985 | Depths:4 | HP: 25/233 [black draconian/bolt of lightning (33)]
 48988 | Depths:4 | Killed from afar by a black draconian

Illustrated notes

Levels and vault maps discovered:
D:1:      erik_arrival_cave_to_civilisation [erik_arrival_cave_to_temple],
          layout_basic
D:2:      layout_basic, basic_altar, hellmonk_ecumenical_altar_defaced_shrine,
          minmay_circle_x, uniq_sigmund
D:3:      layout_basic, mainiacjoe_overflow_boulevard,
          mainiacjoe_overflow_alcove_4, serial_shops,
          nicolae_shop_hallway_stairs, minmay_misc_feat_room,
          minmay_misc_feat_enclosed, wad_floor_pattern_1, minmay_vboxes
D:4:      layout_gridville, lightli_ossuary_entry_decrepit_ruins
D:5:      layout_loops_ring, minmay_temple_entry_mist, uniq_eustachio,
          uniq_crazy_yiuf_cottage
D:6:      layout_basic, chequers_serial_rivers_small_b
D:7:      minmay_the_grid_plus_closed [minmay_the_grid_spin_star,
          minmay_the_grid_medium_cups, minmay_the_grid_eight,
          minmay_the_grid_rooms, minmay_the_grid_prize_shrinking_boxes],
          layout_basic, enter_bailey_3
D:8:      layout_basic, hellmonk_lair_entry_icy, uniq_grum, uniq_maggie,
          uniq_gastronok
D:9:      layout_irregular_city, vehumet_altar_wand_db,
          nicolae_dithmenos_through_a_glass_darkly,
          gammafunk_temple_overflow_pools, uniq_pikel
D:10:     layout_basic, hex_large, small_chamber_with_monster,
          minmay_pinched_square, uniq_urug
D:11:     layout_loops_corners, gauntlet_entry_generic,
          nicolae_trove_entry_crossroad, nemelex_diamond_rough_becter,
          uniq_maurice
D:12:     layout_loops_ring, zombieorc2_lemuel, serial_glass, glass_columns_c,
          glass_columns_c, glass_columns_c, glass_columns_a, glass_columns_a,
          glass_columns_c, glass_columns_a, glass_columns_a, glass_columns_a,
          glass_columns_b, glass_columns_b, glass_columns_a, glass_columns_a,
          glass_columns_a, minmay_strange_pillars, due_unseen_surprise,
          unseen_surprise_small, minmay_strange_pillars, serial_shops, shop
D:13:     layout_irregular_city, portal_ice_cave_entry_animals_and_master,
          uniq_erolcha
D:14:     layout_gridville, david_vaults_5, serial_co_window_serial,
          co_window_paths_b, co_window_paths_a, co_window_paths_b,
          co_window_corner_a, co_window_paths_b, co_window_paths_c,
          co_window_of_opportunity_c, co_window_broadway_c, glass_columns_b,
          glass_columns_b, glass_columns_c, chequers_avenue
D:15:     grunt_enter_depths_giant_problem, layout_gridville,
          gammafunk_ghost_grave, serial_shops, nicolae_shop_waterfront
Lair:1:   layout_small_grid
Lair:2:   layout_regular_city, shoals_dummy_entry, uniq_amaemon, uniq_fannar
Lair:3:   layout_hall_layers, guppyfry_snake_entry_garden, guppyfry_lair_drakes
Lair:4:   layout_loops_ring, grunt_megastairs_1, infiniplex_staircase_pool,
          lemuel_fruit_tree, lemuel_fruit_fields
Lair:5:   due_jungle_book, layout_regular_city, minmay_slime_entry_pillars,
          nzn_ghost_randoct, minmay_hedge_maze, nicolae_lair_lakeside_cave
Shoals:1: layout_shoals, nicolae_shoals_arrival_archipelago
Shoals:2: layout_shoals, serial_shops, nicolae_shop_trees,
          nicolae_island_escapes
Shoals:3: layout_shoals, st_sunken_temple, uniq_ilsuiw
Shoals:4: shoals_end_hangedman, layout_shoals, serial_shops, shop, uniq_mara
Snake:1:  layout_rooms, grunt_megastairs_4, serial_bayou_shore_b
Snake:2:  layout_misc_corridors, drop_trap, nicolae_take_the_stairs,
          grunt_megastairs_3, uniq_aizul
Snake:3:  layout_basic, basic_altar, nicolae_integral_box, uniq_vashnia
Snake:4:  hellmonk_snake_rune_quicksilver_temple, layout_gridlike,
          uniq_asterion, uniq_nikola, uniq_louise, uniq_kirke
Orc:1:    layout_caves, mines4_lemuel
Orc:2:    st_orc_town, layout_caves, serial_shops, nicolae_shop_stone,
          enter_volcano_4, minmay_orc_keep
Elf:1:    nicolae_elf_arrival_aired_out, layout_loops_corners, serial_shops,
          nicolae_diamond_shop, minmay_elf_demonology,
          minmay_checkered_concentric_circles, minmay_shop_grove
Elf:2:    elven_hall_of_blades_hangedman_alternative [mumra_blade_entry_dagger],
          layout_rooms, chequers_big_river, nicolae_elf_glassroom_feature,
          lemuel_elevator
Elf:3:    nooodl_elf_gasket, layout_loops_corners, nicolae_twisting_strands,
          minivault_16, laboratory
Vaults:1: ontoclasm_vaults_bender, hangedman_vaults_stitches, vaults_mumra_lcd,
          st_cells, nicolae_vaults_rhombus_5, nicolae_vaults_yaktaur_gun_rack,
          layout_vaults_chaotic_city
Vaults:2: grunt_vaults_diagonal, minmay_crypt_entry_necro_gods,
          nicolae_vaults_network_periphery, vaults_standard_mumra_lines,
          nicolae_vaults_an_arrangement, nicolae_vaults_alarming, v_misc_4,
          nicolae_vaults_stairing_the_circle, nicolae_vaults_little_squares_6,
          v_alt_pattern_6, serial_ice_b, vaults_room_door_ring,
          vaults_room_hallway, layout_vaults_omnibox, serial_shops,
          nicolae_shop_crystal, uniq_jory, uniq_sojobo
Vaults:3: ontoclasm_vaults_pinch, nicolae_vaults_little_squares_6,
          vaults_room_semicircle, v_misc_5, v_pattern_1, v_misc_11,
          ontoclasm_vaults_misaligned, vaults_dpeg_hooks, layout_vaults_omnigrid
Vaults:4: hangedman_vaults_trim, serial_ice_m, nicolae_vaults_circle_grid_b,
          grunt_vaults_bifocal, v_misc_25, vaults_mumra_hex,
          ontoclasm_vaults_tryst, vaults_mumra_minichess,
          nicolae_vaults_ring_of_whatevers, v_misc_23,
          hangedman_vaults_stretched_pinwheel, dpeg_vaults_monster_box,
          grunt_vaults_hallway_short, vaults_standard_mumra_enter_the_diamond,
          v_misc_16, v_misc_3, layout_vaults_ring, uniq_frederick
Depths:1: layout_basic, hell_entry, minmay_misc_feat_pillars, abyss_entry,
          dk_noncrumbling_3, minivault_16, solitary_fountain,
          evilmike_ruin_ashenzari, serial_bayou_shore_a
Depths:2: box_level_dp, hell_entry, abyss_entry, pan_entry
Depths:3: dreamdust_isle_of_ice, layout_cave_pools, enter_ziggurat_c,
          hell_entry, abyss_entry, st_stairs_10
Depths:4: evilmike_zot_entry_hall, layout_cave_pools, serial_shops,
          nicolae_shop_behind_doors,
          nicolae_shop_temple_entry_statues_fountains, nicolae_shop_trees, shop,
          nicolae_lakefront_shop, hell_entry, nicolae_ru_sacrificial_ziggurat

Skill      XL: |  1  2  3  4  5  6  7  8  9 10 11 12 13 14 15 16 17 18 19 20 21 22 23 24 25 26 27 |
---------------+----------------------------------------------------------------------------------+-----
Axes           | 4 5 6 8 9 |  9.4
Fighting       | 4 5 6 7 9 10 11 12 14 15 16 17 18 19 20 21 22 | 22.7
Armour         | 4 5 6 7 9 10 11 12 14 15 16 17 18 19 20 21 22 23 | 23.2
Shields        | 5 6 8 9 11 12 13 15 16 18 19 20 21 22 23 24 25 26 | 26.4
Invocations    | 1 2 3 4 5 7 9 13 14 16 17 18 19 20 21 22 23 24 25 | 25.0
Staves         | 1 9 13 14 | 14.2

Action                   |  1- 3 |  4- 6 |  7- 9 | 10-12 | 13-15 | 16-18 | 19-21 | 22-24 | 25-27 || total
-------------------------+-------+-------+-------+-------+-------+-------+-------+-------+-------++-------
Melee: War axe           |    86 |   132 |   234 |       |       |       |       |       |       ||   452
       Halberd           |       |       |    79 |   252 |       |       |       |       |       ||   331
       Lajatang          |       |       |       |   307 |   667 |  1742 |  1827 |  2147 |  1197 ||  7887
       Battleaxe         |       |       |       |       |       |     5 |       |       |       ||     5
       Unarmed           |       |       |       |       |       |       |     6 |     8 |       ||    14
Throw: Stone             |    10 |    23 |    45 |    27 |    51 |    31 |       |       |       ||   187
       Javelin           |       |    14 |    76 |    41 |    69 |    14 |       |       |       ||   214
       Dart              |       |       |       |       |     1 |       |       |       |       ||     1
Invok: Heroism           |       |       |     5 |     3 |     1 |     5 |    14 |    15 |     6 ||    49
       Finesse           |       |       |       |     3 |     1 |     6 |    12 |    11 |     6 ||    39
       Duel              |       |       |       |       |       |       |     1 |       |     1 ||     2
 Abil: Dig               |       |       |       |       |       |     2 |       |       |       ||     2
  Use: Potion            |       |     1 |     1 |     6 |     2 |     2 |     2 |     1 |     8 ||    23
       Scroll            |       |       |    20 |     7 |     4 |     4 |     2 |     1 |     5 ||    43
Armor: Scale mail        |    43 |    42 |       |       |       |       |       |       |       ||    85
       Chain mail        |       |    29 |   254 |   204 |    72 |       |       |       |       ||   559
       Crystal plate arm |       |       |       |       |   373 |  1066 |   809 |  1268 |   784 ||  4300
Dodge: Dodged            |    33 |    60 |   121 |   257 |   312 |   609 |   444 |   406 |   231 ||  2473
       Repelled          |       |       |       |       |       |     3 |    27 |    11 |     7 ||    48
Block: Buckler           |    30 |    42 |   107 |   186 |   243 |   113 |       |       |       ||   721
       Kite shield       |       |       |       |       |       |  1223 |   210 |       |       ||  1433
       Tower shield      |       |       |       |       |       |       |  1480 |  2335 |  1171 ||  4986

Table legend: (Time is in decaauts)
 A = Elapsed time spent in this place.
 B = Non-inter-level travel time spent in this place.
 C = Inter-level travel time spent in this place.
 D = Time resting spent in this place.
 E = Time spent auto-exploring this place.
 F = Levels seen in this place.
 G = Mean time per level.
                   A        B        C        D        E       F      G
               +--------+--------+--------+--------+--------+-----+--------+
         Total |  46720 |  43292 |   3428 |    998 |  28809 |  53 |  881.5 |
       Dungeon |  15394 |  13806 |   1588 |    495 |  10220 |  15 | 1026.3 |
          Lair |   5274 |   4949 |    325 |     52 |   3434 |   5 | 1054.8 |
        Shoals |   4139 |   3815 |    324 |      0 |   2659 |   4 | 1034.8 |
     Snake Pit |   3594 |   3413 |    181 |     72 |   2026 |   4 |  898.5 |
  Orcish Mines |   1670 |   1488 |    182 |      0 |   1081 |   2 |  835.0 |
   Elven Halls |   4192 |   3931 |    261 |     53 |   2472 |   3 | 1397.3 |
        Vaults |   5110 |   4840 |    270 |     70 |   3454 |   4 | 1277.5 |
        Depths |   4678 |   4385 |    293 |     38 |   2709 |   4 | 1169.5 |
         Abyss |   1011 |   1011 |      0 |      0 |      0 |   5 |  202.2 |
         Trove |    118 |    118 |      0 |      0 |      0 |   1 |  118.0 |
       Ossuary |    362 |    362 |      0 |      0 |    246 |   1 |  362.0 |
        Bailey |    614 |    614 |      0 |    207 |    197 |   1 |  614.0 |
      Ice Cave |    341 |    341 |      0 |     11 |    225 |   1 |  341.0 |
       Volcano |    177 |    177 |      0 |      0 |     80 |   1 |  177.0 |
         Arena |     42 |     42 |      0 |      0 |      5 |   2 |   21.0 |
               +--------+--------+--------+--------+--------+-----+--------+

Top non-repeatable levels by time:
Depths:2: 1935 daAuts
   Elf:3: 1739 daAuts
  Lair:5: 1618 daAuts
     D:7: 1495 daAuts
Vaults:1: 1473 daAuts
     D:1: 1427 daAuts
   Elf:1: 1354 daAuts
 Snake:3: 1299 daAuts
Vaults:3: 1276 daAuts
   Orc:2: 1216 daAuts
Vaults:4: 1186 daAuts
Vaults:2: 1172 daAuts
Shoals:4: 1125 daAuts
  Lair:1: 1112 daAuts
   Elf:2: 1097 daAuts

Table legend:
 A = Kills in this place as a percentage of kills in entire the game.
 B = Kills by you in this place as a percentage of kills by you in the entire game.
 C = Kills by friends in this place as a percentage of kills by friends in the entire game.
 D = Other kills in this place as a percentage of other kills in the entire game.
 E = Experience gained in this place as a percentage of experience gained in the entire game.
 F = Experience gained in this place divided by the number of levels of this place that you have seen.
                   A       B       C       D       E      F
               +-------+-------+-------+-------+-------+----------------------
         Total | 100.0 | 100.0 |   N/A | 100.0 | 100.0 | 18536.5
       Dungeon |  21.4 |  21.4 |   N/A |  16.7 |   7.6 | 4957.9
          Lair |  11.6 |  11.7 |   N/A |   0.0 |   7.1 | 13880.6
        Shoals |   8.5 |   8.6 |   N/A |   0.0 |  10.0 | 24582.8
     Snake Pit |   8.9 |   8.9 |   N/A |  16.7 |  10.6 | 25982.5
  Orcish Mines |   5.9 |   5.9 |   N/A |   0.0 |   1.5 | 7360.5
   Elven Halls |   9.4 |   9.4 |   N/A |   0.0 |  12.9 | 42107.3
        Vaults |  12.0 |  12.0 |   N/A |  33.3 |  18.2 | 44722.0
        Depths |  11.6 |  11.7 |   N/A |   0.0 |  23.4 | 57499.8
         Abyss |   6.9 |   6.9 |   N/A |  16.7 |   7.1 | 13912.2
       Ossuary |   0.8 |   0.8 |   N/A |   0.0 |   0.0 | 345.0
        Bailey |   1.2 |   1.2 |   N/A |   0.0 |   0.1 | 771.0
      Ice Cave |   1.4 |   1.3 |   N/A |  16.7 |   0.4 | 3612.0
       Volcano |   0.4 |   0.4 |   N/A |   0.0 |   0.7 | 6822.0
         Arena |   0.1 |   0.1 |   N/A |   0.0 |   0.5 | 2680.0
               +-------+-------+-------+-------+-------+----------------------
